 Dungeon Crawl Stone Soup version 0.22.1-1-ga44c0e5 (webtiles) character file.

2815 Catbag the Cleaver (level 9, 0/78 HPs)
             Began as a Minotaur Fighter on Sept 29, 2018.
             Was a Follower of the Shining One.
             Killed by divine providence
             ... invoked by an orc priest
              (11 damage)
             ... on level 7 of the Dungeon.
             The game lasted 00:14:05 (5099 turns).

Catbag the Cleaver (Minotaur Fighter)               Turns: 5099, Time: 00:14:06

Health: 0/78       AC:  8    Str: 24    XL:     9   Next: 44%
Magic:  8/8        EV:  8    Int:  5    God:    the Shining One [*.....]
Gold:   311        SH: 16    Dex: 10    Spells: 8/8 levels left

rFire    . . .     SeeInvis .   a - +0 war axe
rCold    . . .     Gourm    .   x - +0 large shield
rNeg     . . .     Faith    .   b - +0 scale mail
rPois    .         Spirit   .   (helmet restricted)
rElec    .         Reflect  .   (no cloak)
rCorr    .         Harm     .   (no gloves)
MR       .....                  (no boots)
Stlth    ..........             (no amulet)
HPRegen  0.23/turn              (no ring)
MPRegen  0.11/turn              (no ring)

@: glowing
A: retaliatory headbutt, horns 2
a: Renounce Religion


You were on level 7 of the Dungeon.
You worshipped the Shining One.
The Shining One was aware of your devotion.
You were full.

You visited 2 branches of the dungeon, and saw 7 of its levels.

You collected 311 gold pieces.

Inventory:

Hand Weapons
 a - a +0 war axe (weapon)
Armour
 b - a +0 scale mail (worn)
 c - a +0 shield
 x - a +0 large shield (worn)
Magical Staves
 v - an uncursed staff of fire {unknown}
Jewellery
 l - an uncursed amulet of guardian spirit {unknown}
 m - an uncursed amulet of the acrobat {unknown}
 n - a +3 ring of intelligence {unknown}
 o - a +4 ring of intelligence {unknown}
 r - a cursed amulet of inaccuracy {unknown}
Wands
 A - a wand of polymorph (9)
 B - a wand of paralysis (18)
Scrolls
 e - 2 scrolls of amnesia {unknown}
 h - 4 scrolls of teleportation {unknown}
 i - 7 scrolls of identify {unknown}
 j - 4 scrolls of remove curse {unknown}
 k - a scroll of enchant armour {unknown}
 p - 3 scrolls of random uselessness {unknown}
 q - a scroll of fog {unknown}
 u - a scroll of fear {unknown}
 w - a scroll of silence {unknown}
 y - a scroll of immolation {unknown}
Potions
 d - a potion of might
 g - 2 potions of curing {unknown}
 s - a potion of brilliance {unknown}
 t - 2 potions of heal wounds {unknown}
 z - a potion of agility {unknown}
Comestibles
 f - 6 rations


   Skills:
 + Level 6.6 Fighting
 + Level 10.3 Axes
 + Level 7.4 Armour
 + Level 3.6 Dodging
 + Level 0.8 Stealth
 + Level 7.7 Shields


You had 8 spell levels left.
You didn't know any spells.
Your spell library contained the following spells:

 Spells                   Type           Power        Failure   Level  Hunger
 Shock                    Conj/Air       #...         100%        1    ##.....
 Swiftness                Chrm/Air       #.......     100%        2    ###....
 Static Discharge         Conj/Air       #.......     100%        3    ####...
 Airstrike                Air            #.........   100%        4    #####..
 Lightning Bolt           Conj/Air       #.........   100%        5    ######.


Dungeon Overview and Level Annotations

Branches:
Dungeon (7/15)             Temple (1/1) D:6

Altars:
Ashenzari
Dithmenos
Elyvilon
Fedhas
Gozag
Hepliaklqana
Kikubaaqudgha
Nemelex Xobeh
Qazlal
Ru
Sif Muna
Uskayaw
Vehumet
Wu Jian
Xom
Zin
The Shining One
Beogh

Annotations:
D:6 3 runed doors, Verendum's ghost, novice OpFi


Innate Abilities, Weirdness & Mutations

You reflexively headbutt those who attack you in melee.
You have a pair of horns on your head.


Message History

The orc priest calls down the wrath of Beogh upon you.
Beogh smites you!
The orc warrior hits you with a war axe!
* * * LOW HITPOINT WARNING * * *
You completely miss the orc warrior.
The orc warrior is moderately wounded.
The orc priest looks satisfied for a moment.
The orc priest mumbles some strange prayers to Beogh against you.
Beogh smites you!
* * * LOW HITPOINT WARNING * * *
Unknown command.
The orc priest calls upon Beogh to heal the orc warrior.
The orc warrior is healed somewhat.
Unknown command.
Unknown command.
Things that are here:
a short sword; a leather armour; the elf corpse of Duvessa The orc priest calls down the wrath of Beogh upon you.
Beogh smites you!
You die...

#......#.# #.#
#......#<######.#
###....)))......#
#..############
#$# #...# .#.#$#.
+...#
..#.#$#.####...#
..#.#$#.......###
..#.#§#..###@...#
..#.#§##....o...#
##.#§#.........#
##.#§#....o....#
##.#§#...o)#)###
##.#§#.#..##.#
##.#§#.##.##.#
##.#§#.##o##.#
##§#.#.##).#.#


You could see an orc warrior, 2 orc priests and an orc.

Vanquished Creatures
  Harold (D:7)
  5 yaks (D:6)
  Duvessa (D:7)
  An orc warrior (D:7)
  A sky beast (D:6)
  2 ice beasts (D:6)
  A centaur (D:7)
  2 bullfrogs (D:6)
  Dowan (D:7)
  5 wights (D:7)
  2 howler monkeys
  2 jellies
  An orc priest (D:3)
  An orc wizard (D:7)
  An iguana (D:6)
  3 worker ants (D:6)
  9 adders
  A shadow imp (D:4)
  A worm (D:2)
  A dart slug (D:1)
  6 leopard geckos
  15 orcs
  3 giant cockroaches
  5 goblins
  7 hobgoblins
  9 jackals
  A quokka (D:7)
  A ball python (D:6)
  12 bats
  A frilled lizard (D:1)
  A jackal zombie (D:6)
  3 kobolds (D:1)
  A leopard gecko skeleton (D:6)
  4 rats
111 creatures vanquished.

Notes
Turn   | Place    | Note
-------+----------+-------------------------------------------
     0 | D:1      | Catbag the Minotaur Fighter began the quest for the Orb.
     0 | D:1      | Reached XP level 1. HP: 19/19 MP: 0/0
   179 | D:1      | Reached XP level 2. HP: 27/27 MP: 1/1
   385 | D:1      | Found a sparkling altar of Nemelex Xobeh.
   757 | D:2      | Reached XP level 3. HP: 33/33 MP: 2/2
   836 | D:2      | Reached skill level 3 in Axes
   953 | D:2      | Reached skill level 1 in Dodging
   953 | D:2      | Reached XP level 4. HP: 37/40 MP: 3/3
  1377 | D:3      | Found a sparkling altar of Nemelex Xobeh.
  1379 | D:3      | Found a sparkling altar of Nemelex Xobeh.
  1379 | D:3      | Found a shimmering altar of Xom.
  1381 | D:3      | Found a white marble altar of Elyvilon.
  1381 | D:3      | Found a snail-covered altar of Cheibriados.
  1381 | D:3      | Found a glowing silver altar of Zin.
  1645 | D:3      | Reached XP level 5. HP: 47/47 MP: 4/4
  2343 | D:4      | Reached skill level 4 in Axes
  2623 | D:4      | You fall through a shaft for 2 floors!
  2623 | D:6      | Found a staircase to the Ecumenical Temple.
  2649 | Temple   | Entered the Ecumenical Temple
  3049 | Temple   | Became a worshipper of the Shining One
  3093 | D:6      | Noticed a yak
  3096 | D:6      | Noticed a yak
  3113 | D:6      | Killed a yak
  3113 | D:6      | Reached skill level 5 in Armour
  3113 | D:6      | Reached skill level 5 in Shields
  3113 | D:6      | Reached XP level 6. HP: 13/53 MP: 5/5
  3116 | D:6      | HP: 1/53 [yak (9)]
  3117 | D:6      | Killed a yak
  3117 | D:6      | Reached skill level 5 in Axes
  3452 | D:6      | Reached XP level 7. HP: 55/60 MP: 6/6
  3697 | D:6      | Found a runed gate.
  3700 | D:6      | Found a runed gate.
  3700 | D:6      | Found a runed gate.
  3700 | D:6      | Noticed Verendum's ghost (novice OpFi)
  3710 | D:6      | Found a roughly hewn altar of Beogh.
  3727 | D:6      | Found a deep blue altar of Sif Muna.
  3729 | D:6      | Reached * piety under the Shining One
  3738 | D:6      | Reached skill level 6 in Axes
  3799 | D:6      | Reached skill level 5 in Fighting
  3803 | D:6      | Reached skill level 7 in Axes
  3933 | D:6      | Reached XP level 8. HP: 59/68 MP: 7/7
  4008 | D:6      | Reached skill level 8 in Axes
  4674 | D:7      | Reached skill level 9 in Axes
  4697 | D:7      | Noticed Harold
  4716 | D:7      | Killed Harold
  4716 | D:7      | Reached skill level 10 in Axes
  4716 | D:7      | Reached XP level 9. HP: 20/78 MP: 8/8
  5033 | D:7      | Noticed Dowan
  5056 | D:7      | Noticed Duvessa
  5058 | D:7      | Killed Dowan
  5062 | D:7      | Killed Duvessa
  5099 | D:7      | Killed from afar by an orc priest

Skill      XL: |  1  2  3  4  5  6  7  8 |
---------------+-------------------------+-----
Fighting       | 4 5 6 |  6.6
Armour         | 4 5 6 7 |  7.4
Shields        | 4 5 7 |  7.7
Axes           | 3 4 5 7 10 | 10.3
Dodging        | 1 2 3 |  3.6
Stealth        | |  0.8

Action                   |  1- 3 |  4- 6 |  7- 9 || total
-------------------------+-------+-------+-------++-------
Melee: War axe           |    90 |    87 |   144 ||   321
       Headbutt          |    15 |    14 |    28 ||    57
  Eat: Ration            |       |     3 |     2 ||     5
       Chunk             |       |     1 |       ||     1
Armor: Scale mail        |    51 |    29 |    23 ||   103
Dodge: Dodged            |    43 |    27 |    26 ||    96
Block: Shield            |    62 |    49 |    19 ||   130
       Large shield      |       |       |    97 ||    97
